[Event "RUS-chT Blitz Women 2018"]
[Site "Sochi"]
[Date "2018.10.10"]
[Round "12"]
[White "Gritsayeva, Oksana"]
[Black "Kovanova, Baira"]
[Result "1/2-1/2"]
[ECO "E11"]
[WhiteElo "2378"]
[BlackElo "2350"]
[Annotator "NA RC"]
[PlyCount "95"]
[EventDate "2018.10.10"]
[EventType "swiss"]
[EventCountry "RUS"]
[SourceTitle "playchess.com"]
[Source "ChessBase"]
[SourceQuality "1"]
[TimeControl "180+2"]

1. d4 Nf6 2. Nf3 e6 3. c4 Bb4+ 4. Nbd2 b6 5. a3 Bxd2+ 6. Qxd2 Bb7 7. e3 a5 8. b3 d6 9. Be2 Nbd7 10. Bb2 Qe7 11. O-O O-O 12. Qc2 Be4 13. Bd3 Bxf3 14. gxf3 e5 15. dxe5 Nxe5 16. Be2 Kh8 17. Qf5 Qd7 18. Qxd7 Nfxd7 19. f4 Ng6 20. Rab1 Nc5 21. Bd4 Nh4 22. Rfd1 Nf5 23. Bc3 Ne4 24. Be1 Rfe8 25. f3 Nc5 26. e4 Ne7 27. f5 Nc6 28. Kf2 Ne5 29. Bc3 Ng4+ 30. Kg3 Ne5 31. h4 f6 32. Bf1 Re7 33. Kf2 Ng4+ 34. Kg3 Ne5 35. Bg2 a4 36. b4 Nb3 37. Bf1 Rae8 38. f4 Nf7 39. Bd3 c5 40. b5 Nd8 41. Kf3 Nb7 42. h5 h6 43. Bc2 Kg8 44. Re1 N7a5 45. Bd3 Nb7 46. Re2 N7a5 47. Rbe1 Nb7 48. Bc2 1/2-1/2

[Event "RUS-chT Blitz Women 2018"]
[Site "Sochi"]
[Date "2018.10.10"]
[Round "12"]
[White "Guseva, Marina"]
[Black "Tomilova, Elena"]
[Result "1/2-1/2"]
[ECO "D10"]
[WhiteElo "2292"]
[BlackElo "2328"]
[Annotator "NA"]
[PlyCount "48"]
[EventDate "2018.10.10"]
[EventType "swiss"]
[EventCountry "RUS"]
[SourceTitle "playchess.com"]
[Source "ChessBase"]
[SourceQuality "1"]
[TimeControl "180+2"]

1. d4 d5 2. c4 c6 3. Nc3 dxc4 4. e3 b5 5. a4 b4 6. Ne4 Qd5 7. Ng3 Nf6 8. Be2 Ba6 9. e4 Qa5 10. Nf3 e6 11. O-O Nbd7 12. Qc2 b3 13. Qd1 Bb4 14. Bd2 O-O 15. Bxb4 Qxb4 16. e5 Nd5 17. Ne4 c5 18. dxc5 Nxc5 19. Qd4 Rac8 20. Nd6 Rc7 21. Bxc4 Bxc4 22. Qxc4 Qxc4 23. Nxc4 Nd3 24. Ncd2 Rb8 1/2-1/2

[Event "RUS-chT Blitz Women 2018"]
[Site "Sochi"]
[Date "2018.10.10"]
[Round "12"]
[White "Shendrik, Zhanna"]
[Black "Chan, Naruna"]
[Result "1-0"]
[ECO "A88"]
[WhiteElo "1934"]
[BlackElo "1967"]
[Annotator "NA RC"]
[PlyCount "75"]
[EventDate "2018.10.10"]
[EventType "swiss"]
[EventCountry "RUS"]
[SourceTitle "playchess.com"]
[Source "ChessBase"]
[SourceQuality "1"]
[TimeControl "180+2"]

1. d4 f5 2. g3 d6 3. Bg2 Nf6 4. Nf3 g6 5. c4 Bg7 6. Nc3 O-O 7. O-O c6 8. Qc2 Qc7 9. b3 e5 10. dxe5 dxe5 11. Bb2 e4 12. Nd4 Na6 13. a3 Ng4 14. h3 Nxf2 15. Kxf2 Bxd4+ 16. e3 Be5 17. Ne2 Nc5 18. Bxe5 Qxe5 19. Kg1 Be6 20. Nf4 Rfd8 21. Rad1 Bf7 22. b4 Ne6 23. Kh2 Qc7 24. c5 Nxf4 25. gxf4 Rd5 26. Rxd5 Bxd5 27. Kg1 a5 28. Qc3 Qg7 29. Qd2 axb4 30. Qxb4 Qc7 31. Rb1 Ra7 32. Bf1 h6 33. Bc4 Kf7 34. Bxd5+ cxd5 35. Qd4 Qc6 36. Rb6 Qd7 37. Qf6+ Ke8 38. Re6+ {[%emt 0:00:03] Kd8 [%clk 0:00:07]} 1-0

[Event "RUS-chT Blitz Women 2018"]
[Site "Sochi"]
[Date "2018.10.10"]
[Round "12"]
[White "Sukhareva, Valentina"]
[Black "Zavivaeva, Emilia"]
[Result "1-0"]
[ECO "A45"]
[WhiteElo "1817"]
[BlackElo "1633"]
[Annotator "NA RC"]
[PlyCount "159"]
[EventDate "2018.10.10"]
[EventType "swiss"]
[EventCountry "RUS"]
[SourceTitle "playchess.com"]
[Source "ChessBase"]
[SourceQuality "1"]
[TimeControl "180+2"]

1. d4 Nf6 2. Bg5 b6 3. c4 Bb7 4. Nc3 h6 5. Bxf6 gxf6 6. e4 e5 7. d5 Bb4 8. Qc2 d6 9. g3 Nd7 10. Bh3 Nc5 11. Nge2 Ba6 12. b3 Bc8 13. a3 Bxc3+ 14. Nxc3 Bxh3 15. b4 Nb7 16. O-O-O a5 17. Kb2 Bg4 18. Ra1 axb4 19. axb4 Rxa1 20. Rxa1 Ke7 21. Nb5 Qb8 22. Na7 Bd7 23. f4 Nd8 24. Qe2 h5 25. fxe5 dxe5 26. Kc3 c6 27. Qd2 c5 28. b5 Qc7 29. Qe2 Nb7 30. Rf1 Na5 31. Nc6+ Nxc6 32. dxc6 Bg4 33. Qf2 Qd6 34. Ra1 Qc7 35. Ra6 Rb8 36. Qa2 Qd6 37. Ra7+ Kf8 38. Qd2 Qd4+ 39. Qxd4 exd4+ 40. Kd3 Rc8 41. Rb7 Ke8 42. Rxb6 Kd8 43. Rb7 Rc7 44. Rb8+ Ke7 45. Ra8 Kd6 46. Ra1 Ke5 47. Rb1 Rc8 48. b6 Kd6 49. c7 Kc6 50. b7 Kxc7 51. bxc8=Q+ Bxc8 52. Rb5 Kc6 53. Ra5 Be6 54. Ra8 Kd6 55. Ra5 Kc6 56. Ra1 Kd6 57. Rf1 Ke7 58. Rf4 Bg4 59. Rf1 Bh3 60. Ra1 Be6 61. Ra6 Kd7 62. Rb6 Kc7 63. Ra6 Kb7 64. Ra5 Kb6 65. Ra8 Kc6 66. Ra6+ Kb7 67. Rd6 Kc7 68. Ra6 Kb7 69. Ra5 Kb6 70. Ra8 Kb7 71. Rh8 Bg4 72. Rh7 Kc6 73. Rxf7 Kd6 74. Rxf6+ Ke5 75. Rc6 Bf3 76. Rxc5+ Kd6 77. Kxd4 Bg4 78. Rd5+ Kc6 79. c5 Kc7 80. e5 1-0

[Event "RUS-chT Blitz Women 2018"]
[Site "Sochi"]
[Date "2018.10.10"]
[Round "12"]
[White "Zavivaeva, Evelina"]
[Black "Seregina, Maria"]
[Result "0-1"]
[ECO "B22"]
[WhiteElo "1323"]
[BlackElo "1923"]
[Annotator "NA RC"]
[PlyCount "94"]
[EventDate "2018.10.10"]
[EventType "swiss"]
[EventCountry "RUS"]
[SourceTitle "playchess.com"]
[Source "ChessBase"]
[SourceQuality "1"]
[TimeControl "180+2"]

1. e4 c5 2. c3 Nc6 3. d4 cxd4 4. cxd4 d5 5. e5 Bf5 6. Nc3 Qd7 7. Bb5 e6 8. Nge2 a6 9. Qa4 Nge7 10. b3 Ng6 11. Ba3 Be7 12. Bxe7 Ngxe7 13. Qa3 O-O 14. Bxc6 Nxc6 15. O-O b5 16. Qb2 Rac8 17. Rac1 Nb4 18. Qd2 a5 19. Nf4 Rc7 20. Nce2 Rfc8 21. Rxc7 Rxc7 22. Rc1 h6 23. Rxc7 Qxc7 24. Qc3 Qxc3 25. Nxc3 g5 26. Nh5 Bd3 27. Nf6+ Kg7 28. f3 Nc2 29. Nd7 Nxd4 30. Kf2 b4 31. Na4 Bb5 32. Ndb6 Nc6 33. Nc8 Nxe5 34. Nd6 Bxa4 35. bxa4 Nc6 36. Nb7 e5 37. Ke3 Kf6 38. g3 Ke6 39. f4 d4+ 40. Ke4 f5+ 41. Kd3 e4+ 42. Ke2 gxf4 43. gxf4 Kd5 44. h3 d3+ 45. Ke3 Kc4 46. Nd6+ Kc3 47. Nxe4+ fxe4 0-1